Map: Ulrena

Players

TheNoob - Winner!

  • Race: Zerg Zerg
  • League: Diamond

LilDicky

  • Race: Terran Terran
  • League: Diamond

VOD

http://www.twitch.tv/tumescentpie

Description

Time

  • Played on: Dec. 8, 2015, 9:20 a.m.
  • Length: 8:15
Show
View Real Time Build Order
Export as new Build Order

TheNoob Zerg - Winner!

Build Orders: Hatch First 

Get SALT Encoding   

  12  0:01  Drone  
  13  0:12  Overlord  
  13  0:17  Drone  
  14  0:30  Drone  
  14  0:31  Drone  
  17  0:35  Drone  
  17  0:53  Hatchery  
  17  0:56  Drone  
  17  1:00  Extractor  
  16  1:12  Spawning Pool  
  16  1:15  Drone  
  16  1:20  Drone  
  16  1:23  Drone  
  18  1:28  Drone  
  19  1:43  Overlord  
  19  2:01  Drone x2  
  21  2:05  Drone  
  21  2:07  Queen  
  24  2:09  Queen  
  24  2:13  Drone  
  27  2:16  Drone  
  28  2:23  Zergling x2  
  28  2:26  Metabolic Boost  
  28  2:27  Drone  
  30  2:34  Drone  
  31  2:40  Drone  
  31  2:44  Overlord  
  32  2:55  Drone  
  32  2:57  Hatchery  
  32  2:58  Drone  
  33  3:01  Drone  
  34  3:09  Drone  
  34  3:12  Drone  
  36  3:13  Spore Crawler  
  36  3:15  Spore Crawler  
  36  3:17  Drone x2  
  36  3:19  Drone  
  37  3:24  Queen  
  39  3:34  Roach Warren, Drone  
  38  3:39  Overlord  
  39  3:43  Overlord  
  39  3:55  Extractor  
  38  3:57  Queen  
  38  3:58  Drone x2  
  38  3:59  Drone x2  
  45  4:10  Drone x5  
  45  4:13  Zergling x2  
  45  4:16  Spore Crawler  
  49  4:21  Zergling x8  
  53  4:26  Zergling x4  
  53  4:27  Zergling x2  
  53  4:28  Zergling x4  
  53  4:30  Zergling x2  
  53  4:31  Zergling x2  
  55  4:33  Zergling x2  
  55  4:35  Zergling x2  
  56  4:38  Zergling x2  
  56  4:45  Zergling x4  
  49  4:56  Queen x2  
  51  5:02  Drone x4  
  51  5:04  Drone  
  54  5:08  Extractor  
  54  5:09  Drone x2  
  55  5:17  Roach  
  57  5:32  Overlord x3  
  57  5:37  Overlord  
  57  5:51  Queen x2  
  57  5:55  Roach x2  
  63  5:59  Roach x2  
  63  6:03  Roach  
  67  6:07  Roach  
  67  6:14  Roach  
  67  6:19  Drone  
  67  6:20  Drone, Extractor  
  67  6:24  Drone x3  
  71  6:26  Lair  
  71  6:27  Drone, Burrow  
  71  6:29  Drone x2  
  74  6:43  Drone x3  
  77  6:49  Roach  
  77  6:50  Overlord x2  
  79  6:55  Ravager x4  
  79  6:56  Ravager x2  
  79  6:58  Roach  
  79  6:59  Ravager x2  
  89  7:07  Queen  
  89  7:08  Overlord x2  
  91  7:09  Drone x5, Extractor  
  91  7:10  Drone, Extractor  
  94  7:21  Roach x3  
  98  7:26  Roach  
  98  7:30  Roach x2  
  98  7:36  Roach x3  
  98  7:37  Roach x4  
  105  7:38  Queen  
  105  7:40  Ravager x2  
  113  7:47  Evolution Chamber  
  113  7:48  Evolution Chamber  
  113  7:49  Roach x3  
  108  7:53  Roach  
  110  8:01  Ravager  
Show
View Real Time Build Order
Export as new Build Order

LilDicky Terran 

Build Orders: Liberator Opening 

Get SALT Encoding   

  12  0:01  SCV  
  13  0:16  SCV  
  13  0:18  Supply Depot  
  15  0:28  SCV  
  15  0:35  Refinery  
  15  0:40  SCV  
  16  0:46  Barracks  
  16  0:52  SCV  
  17  1:04  SCV  
  18  1:16  Refinery  
  18  1:17  SCV  
  19  1:29  SCV  
  20  1:32  Marine  
  20  1:35  Supply Depot  
  21  1:41  Orbital Command  
  21  1:46  Factory  
  21  1:59  Barracks Reactor  
  21  2:06  SCV  
  22  2:19  SCV  
  23  2:30  Armory  
  23  2:31  SCV  
  23  2:33  Starport  
  24  2:38  Supply Depot, Marine x2  
  24  2:40  Factory Tech Lab  
  26  2:49  SCV  
  27  2:56  Marine x2  
  29  3:01  SCV  
  30  3:17  Thor  
  37  3:24  Medivac  
  38  3:27  Supply Depot, Marine  
  39  3:37  Liberator  
  39  3:49  SCV, Marine x2  
  45  4:01  SCV  
  46  4:04  Supply Depot  
  46  4:06  Marine  
  47  4:19  Supply Depot  
  47  4:25  Marine x2  
  47  4:26  Siege Tank  
  52  4:43  Marine  
  44  4:57  SCV  
  45  5:10  Marine x2  
  46  5:14  Thor  
  46  5:19  Command Center  
  52  5:23  Supply Depot  
  52  6:17  SCV  
  52  6:18  Thor, Medivac  
  49  6:20  Marine x2  
  57  6:26  Supply Depot, Barracks x2  
  57  6:27  Barracks  
  57  6:30  SCV  
  58  6:42  SCV  
  59  6:50  Orbital Command  
  59  6:54  SCV  
  60  7:06  SCV  
  60  7:18  SCV  
  54  7:30  SCV x2  
  54  7:33  Marine x3  
  54  7:34  Marine  
  55  7:42  SCV x2  
  44  7:56  Marine x3  
Tags
 
Add a new tag
Caveats
  • Supply blocks, unpowered buildings, or Contaminate may cause inaccurate times.
  • Supply counts are checked every 10 seconds.